 Dungeon Crawl Stone Soup version 0.25-a0-35-g747a2b3c0c (webtiles) character file.

Game seed: 14696636612636904602, levelgen mode: deterministic

6216 Ablot the Magician (level 10, -3/79 HPs)
             Began as a Gnoll Skald on Oct 19, 2019.
             Was a High Priest of Okawaru.
             Slain by a yak (5 damage)
             ... on level 9 of the Dungeon.
             The game lasted 00:26:43 (7831 turns).

Ablot the Magician (Gnoll Skald)                    Turns: 7831, Time: 00:26:44

Health: -3/79      AC:  8    Str: 22    XL:     10   Next: 92%
Magic:  3/21       EV: 20    Int: 20    God:    Okawaru [*****.]
Gold:   72         SH:  0    Dex: 16    Spells: 3/24 levels left

rFire    . . .     SeeInvis .   K - +3 rapier of the Goat {freeze, rN+ Str+6}
rCold    + . .     Gourm    .   (no shield)
rNeg     + + .     Faith    .   H - +1 ring mail "Tyucsud" {rC+ rN+ MR+} (curse)
rPois    .         Spirit   .   N - +0 helmet
rElec    .         Reflect  .   (no cloak)
rCorr    .         Harm     .   (no gloves)
MR       ++...                  (no boots)
Stlth    +++.......             (no amulet)
HPRegen  0.23/turn              o - +4 ring of evasion
MPRegen  0.17/turn              q - ring of protection from magic

@: brilliant, singing, studying Slings
A: distributed training, fangs 1, strong nose
a: Heroism, Finesse, Renounce Religion


You were on level 9 of the Dungeon.
You worshipped Okawaru.
Okawaru was extremely pleased with you.
You were hungry.

You visited 1 branch of the dungeon, and saw 9 of its levels.
You also visited: Ossuary.

You collected 660 gold pieces.
You spent 588 gold pieces at shops.

Inventory:

Hand Weapons
 a - a +1 trident
 s - the +11 flail of Xytogiur {venom, -Tele +Fly rF+}
   (You bought it in a shop on level 4 of the Dungeon)

   It poisons the flesh of those it strikes.
   It protects you from fire.
   It lets you fly.
   It prevents most forms of teleportation.
 K - the +3 rapier of the Goat (weapon) {freeze, rN+ Str+6}
   (You found it on level 5 of the Dungeon)

   It has been specially enchanted to freeze those struck by it, causing extra
   injury to most foes and up to half again as much damage against particularly
   susceptible opponents.
   It can also slow down cold-blooded creatures.
   It affects your strength (+6).
   It protects you from negative energy.
Missiles
 b - 17 poisoned darts (quivered)
 e - 224 stones
 k - 153 arrows
 m - 114 bolts
 B - 2 javelins
 M - 14 sling bullets
Armour
 H - the cursed +1 ring mail "Tyucsud" (worn) {rC+ rN+ MR+}
   (You found it on level 6 of the Dungeon)

   It protects you from cold.
   It protects you from negative energy.
   It affects your resistance to hostile enchantments.
   It has a curse placed upon it.
 L - the +0 scale mail "Meduil" {rPois rN+, unknown}
   (You found it on level 8 of the Dungeon)

   It protects you from poison.
   It protects you from negative energy.
 N - a +0 helmet (worn)
Jewellery
 h - an uncursed ring of ice
 o - a +4 ring of evasion (left hand)
 q - a ring of protection from magic (right hand)
 G - an uncursed ring of fire
Wands
 z - a wand of digging (2)
 E - a wand of disintegration (15)
 I - a wand of polymorph (8)
 J - a wand of flame (13)
Scrolls
 g - 5 scrolls of teleportation
 i - 5 scrolls of identify
 l - 3 scrolls of remove curse
 n - a scroll of blinking
 v - a scroll of fog
 y - 4 scrolls of fear
 C - a scroll of acquirement {unknown}
 F - 2 scrolls of amnesia
Potions
 c - 2 potions of mutation
 j - 4 potions of curing
 p - 3 potions of invisibility
 r - a potion of heal wounds
 t - a potion of degeneration
 u - a potion of might
 x - 2 potions of agility
 D - a potion of flight
Books
 w - a manual of Slings
Comestibles
 d - 18 rations
 A - 8 chunks of flesh


   Skills:
 + Level 7.3 Fighting
 + Level 5.6 Short Blades
 + Level 5.6 Long Blades
 + Level 5.6 Axes
 + Level 5.6 Maces & Flails
 + Level 7.3 Polearms
 + Level 5.6 Staves
 + Level 7.6 Slings
 + Level 5.6 Bows
 + Level 5.6 Crossbows
 + Level 5.6 Throwing
 + Level 6.2 Armour
 + Level 7.3 Dodging
 + Level 5.6 Stealth
 + Level 5.6 Shields
 + Level 5.6 Unarmed Combat
 + Level 7.6 Spellcasting
 + Level 4.6 Conjurations
 + Level 4.6 Hexes
 + Level 7.2 Charms
 + Level 4.6 Summonings
 + Level 4.6 Necromancy
 + Level 4.6 Translocations
 + Level 4.6 Transmutations
 + Level 4.6 Fire Magic
 + Level 4.6 Ice Magic
 + Level 4.6 Air Magic
 + Level 4.6 Earth Magic
 + Level 4.6 Poison Magic
 + Level 6.2 Invocations
 + Level 5.6 Evocations


You had 3 spell levels left.
You knew the following spells:

 Your Spells              Type           Power        Failure   Level  Hunger
a - Infusion              Chrm           ####         1%          1    None
b - Song of Slaying       Chrm           #####...     1%          2    None
c - Shroud of Golubria    Chrm/Tloc      #####.       1%          2    None
d - Regeneration          Chrm/Necr      #####.....   1%          3    None
e - Spectral Weapon       Hex/Chrm       #####...     1%          3    None
f - Blink                 Tloc           N/A          1%          2    None
g - Conjure Flame         Conj/Fire      #####...     1%          3    None
h - Mephitic Cloud        Conj/Pois/Air  #####...     1%          3    None
i - Slow                  Hex            #####...     1%          2    None

Your spell library contained the following spells:

 Spells                   Type           Power        Failure   Level  Hunger
 Magic Dart               Conj           ####         1%          1    None
 Call Imp                 Summ           #####...     1%          2    None


Dungeon Overview and Level Annotations

Branches:
Dungeon (9/15)             Temple (0/1) D:5            Lair (0/6) D:8
Ossuary (visited)
    Orc: D:9-12

Altars:
Elyvilon
Gozag
Okawaru
Qazlal

Shops:
D:4 ***??   D:7 :   D:8 :

Annotations:
D:9 1 runed translucent door, Dwingvatt99's ghost, novice MiGl


Innate Abilities, Weirdness & Mutations

Your experience applies equally to all skills.
You have very sharp teeth.
Your uncanny sense of smell can sniff out nearby items.


Message History

Okawaru accepts your kill.
You puncture the yak! You freeze the yak.
The yak is moderately wounded.
The yak closely misses you.
You completely miss the yak.
The yak is moderately wounded.
The yak misses you.
You hit the yak but do no damage.
The yak is moderately wounded.
The yak gores you!
* * * LOW HITPOINT WARNING * * *
You barely miss the yak.
The yak is moderately wounded.
You are feeling hungry.
The yak gores you!
* * * LOW HITPOINT WARNING * * *
Unknown command.
You feel clever all of a sudden. The yak gores you.
You die...

## .# .# ######## .# #......#
.########......# ################
...............+ ..............>
#..............#####.##..........
+..............+@YYY...÷#...#...#
#..............#####.#.).#...#...
#..............###...#....#..?#
#...................##y.Y#...# ..
#...................##.Y#...#...#
#...................##....Y......
#...............>...##....#†..#..
#........#########+#.....#...#...
.........# #....#...#!..#


You could see 3 yaks.

Vanquished Creatures
  A two-headed ogre (D:8)
  A komodo dragon (D:8)
  2 hornets
  A hippogriff (D:9)
  A spriggan (D:7)
  Sigmund (D:2)
  3 yaks (D:9)
  A wyvern (D:9)
  A hungry ghost (D:9)
  A water moccasin (D:9)
  An orc warrior (D:6)
  A black bear (D:8)
  2 ice beasts
  A necrophage (D:3)
  5 ogres
  A centaur (D:7)
  2 elf zombies (Ossuary)
  2 big kobolds (D:9)
  4 bullfrogs
  3 scorpions
  6 killer bees (D:9)
  A howler monkey (D:9)
  3 crimson imps
  A bullfrog zombie (D:6)
  2 centaur zombies
  4 hounds
  4 orc priests
  3 jellies
  A bullfrog skeleton (D:5)
  A gnoll shaman (D:8)
  Jessica (D:2)
  4 centaur skeletons
  6 iguanas
  6 orc wizards
  7 worker ants
  4 big kobold zombies (Ossuary)
  3 hound zombies
  2 hound skeletons
  2 mummies (Ossuary)
  2 worker ant zombies
  7 adders
  3 gnolls (D:8)
  3 shadow imps (D:6)
  An ooze (D:1)
  3 dart slugs
  6 leopard geckos
  40 orcs
  3 giant cockroaches
  3 gnoll zombies (Ossuary)
  8 goblins
  6 hobgoblins
  4 jackals (D:7)
  15 kobolds
  3 quokkas
  2 ball pythons (D:2)
  12 bats
  2 frilled lizards
  3 goblin zombies
  2 hobgoblin zombies (Ossuary)
  A leopard gecko zombie (D:8)
  2 quokka zombies
  9 rats
236 creatures vanquished.

Vanquished Creatures (others)
  A plant (D:8)
  3 spectral weapons
4 creatures vanquished.

Grand Total: 240 creatures vanquished

Notes
Turn   | Place    | Note
-------+----------+-------------------------------------------
     0 | D:1      | Ablot the Gnoll Skald began the quest for the Orb.
     0 | D:1      | Reached XP level 1. HP: 20/20 MP: 6/6
    73 | D:1      | Reached XP level 2. HP: 19/26 MP: 7/7
   135 | D:1      | Learned a level 2 spell: Song of Slaying
   138 | D:1      | Learned a level 2 spell: Shroud of Golubria
   526 | D:1      | Reached XP level 3. HP: 23/31 MP: 7/9
   585 | D:1      | Reached skill level 5 in Spellcasting
   790 | D:2      | Noticed Jessica
   798 | D:2      | Killed Jessica
   798 | D:2      | Reached skill level 1 in Short Blades
   798 | D:2      | Reached skill level 1 in Long Blades
   798 | D:2      | Reached skill level 1 in Axes
   798 | D:2      | Reached skill level 1 in Maces & Flails
   798 | D:2      | Reached skill level 1 in Staves
   798 | D:2      | Reached skill level 1 in Slings
   798 | D:2      | Reached skill level 1 in Bows
   798 | D:2      | Reached skill level 1 in Crossbows
   798 | D:2      | Reached skill level 1 in Throwing
   798 | D:2      | Reached skill level 1 in Stealth
   798 | D:2      | Reached skill level 1 in Shields
   798 | D:2      | Reached skill level 1 in Unarmed Combat
   798 | D:2      | Reached skill level 1 in Invocations
   798 | D:2      | Reached skill level 1 in Evocations
   798 | D:2      | Reached XP level 4. HP: 38/38 MP: 2/11
   827 | D:2      | Noticed Sigmund
   863 | D:2      | Killed Sigmund
   863 | D:2      | Reached skill level 1 in Conjurations
   863 | D:2      | Reached skill level 1 in Hexes
   863 | D:2      | Reached skill level 1 in Summonings
   863 | D:2      | Reached skill level 1 in Necromancy
   863 | D:2      | Reached skill level 1 in Translocations
   863 | D:2      | Reached skill level 1 in Transmutations
   863 | D:2      | Reached skill level 1 in Fire Magic
   863 | D:2      | Reached skill level 1 in Ice Magic
   863 | D:2      | Reached skill level 1 in Air Magic
   863 | D:2      | Reached skill level 1 in Earth Magic
   863 | D:2      | Reached skill level 1 in Poison Magic
   863 | D:2      | Reached XP level 5. HP: 23/43 MP: 2/12
   944 | D:2      | Learned a level 3 spell: Regeneration
   948 | D:2      | Learned a level 3 spell: Spectral Weapon
  1127 | D:2      | Reached XP level 6. HP: 50/50 MP: 13/13
  1751 | D:3      | Found an iron altar of Okawaru.
  1768 | D:3      | Became a worshipper of Warmaster Okawaru
  1936 | D:3      | Found a faded altar of an unknown god.
  1941 | D:3      | Noticed a necrophage
  1973 | D:3      | Killed a necrophage
  1973 | D:3      | Reached skill level 5 in Fighting
  1973 | D:3      | Reached skill level 5 in Polearms
  1973 | D:3      | Reached skill level 5 in Dodging
  2239 | D:4      | Reached XP level 7. HP: 49/56 MP: 7/15
  2264 | D:4      | HP: 3/84 [something/puff of flame (7)]
  2614 | D:4      | Reached * piety under Okawaru
  2684 | D:4      | Found Sopp's General Store.
  2689 | D:4      | Bought a potion of heal wounds for 70 gold pieces
  2779 | D:4      | Found Ukousus's Assorted Antiques.
  2793 | D:4      | Found Evap's Magic Scroll Shop.
  2793 | D:4      | Found Yqemobb's Magic Scroll Shoppe.
  2797 | D:4      | Bought a murky black potion for 18 gold pieces
  2810 | D:4      | Bought a scroll of fog for 26 gold pieces
  2991 | D:4      | Found Moafatui's General Store.
  3110 | D:5      | Entered Level 5 of the Dungeon
  3249 | D:5      | Found a staircase to the Ecumenical Temple.
  3395 | D:4      | Reached XP level 8. HP: 58/63 MP: 10/16
  4092 | D:6      | Got an ichor-stained ring mail
  4104 | D:6      | Identified the cursed +1 ring mail "Tyucsud" {rC+ rN+ MR+}
                  | (You found it on level 6 of the Dungeon)
  4283 | D:6      | Reached ** piety under Okawaru
  4513 | D:6      | Found a white marble altar of Elyvilon.
  5079 | D:5      | Got a pitted rapier
  5080 | D:5      | Identified the +3 rapier of the Goat {freeze, rN+ Str+6}
                  | (You found it on level 5 of the Dungeon)
  5209 | D:7      | Got a slimy flail
  5247 | D:7      | Reached XP level 9. HP: 67/69 MP: 18/18
  5433 | D:7      | Identified the +1 flail of Innocence {protect, rElec rC+++
                  | Str-5 Int-4} (You found it on level 7 of the Dungeon)
  5484 | D:7      | Found a sand-covered staircase.
  5493 | Ossuary  | Entered an ossuary
  5608 | Ossuary  | Reached skill level 5 in Slings
  5858 | D:7      | Found Toocisikh's Book Shoppe.
  5866 | D:7      | Bought a book of Minor Magic for 240 gold pieces
  5947 | D:7      | Reached *** piety under Okawaru
  6106 | D:7      | Reached skill level 5 in Armour
  6253 | D:4      | Bought a transparent flail for 178 gold pieces
  6253 | D:4      | Identified the +11 flail of Xytogiur {venom, -Tele +Fly
                  | rF+} (You bought it in a shop on level 4 of the Dungeon)
  6283 | D:4      | Bought a potion of might for 56 gold pieces
  6411 | D:8      | Learned a level 2 spell: Blink
  6415 | D:8      | Learned a level 3 spell: Conjure Flame
  6419 | D:8      | Learned a level 3 spell: Mephitic Cloud
  6422 | D:8      | Learned a level 2 spell: Slow
  6582 | D:8      | Noticed a hornet
  6591 | D:8      | Killed a hornet
  6606 | D:8      | Reached skill level 5 in Invocations
  6738 | D:8      | Found an opulent altar of Gozag.
  6755 | D:8      | Got a smoking scale mail
  6787 | D:8      | Found a stormy altar of Qazlal.
  6829 | D:8      | Reached **** piety under Okawaru
  7116 | D:8      | Found a staircase to the Lair.
  7117 | D:8      | Reached XP level 10. HP: 77/77 MP: 20/20
  7320 | D:8      | Found Lemas's Book Boutique.
  7322 | D:8      | Noticed a two-headed ogre
  7360 | D:8      | Killed a two-headed ogre
  7360 | D:8      | Reached skill level 5 in Short Blades
  7360 | D:8      | Reached skill level 5 in Long Blades
  7360 | D:8      | Reached skill level 5 in Axes
  7360 | D:8      | Reached skill level 5 in Maces & Flails
  7360 | D:8      | Reached skill level 5 in Staves
  7360 | D:8      | Reached skill level 5 in Bows
  7360 | D:8      | Reached skill level 5 in Crossbows
  7360 | D:8      | Reached skill level 5 in Throwing
  7360 | D:8      | Reached skill level 5 in Stealth
  7360 | D:8      | Reached skill level 5 in Shields
  7360 | D:8      | Reached skill level 5 in Unarmed Combat
  7360 | D:8      | Reached skill level 5 in Evocations
  7464 | D:9      | Received a gift from Okawaru
  7512 | D:9      | Found a runed translucent door.
  7515 | D:9      | Noticed Dwingvatt99's ghost (novice MiGl)
  7713 | D:9      | Reached ***** piety under Okawaru
  7830 | D:9      | HP: 1/79 [yak (11)]
  7831 | D:9      | Slain by a yak

Levels and vault maps discovered:
D:1:      lightli_arrival_statuegarden, layout_basic
D:2:      layout_loops_corners, uniq_jessica, uniq_sigmund
D:3:      layout_basic, okawaru_ov_weapons_minmay,
          chequers_ecumenical_altar_lobes, hangedman_decor_growths
D:4:      layout_rooms, serial_shops, nicolae_shop_crystal, shop,
          kennysheep_little_box, shop, shop, minmay_manual_mess
D:5:      layout_basic, temple_statues, first_ration
D:6:      layout_basic, lemuel_crystal_altar, glass_columns_b,
          kennysheep_another_room, roderic_lattice_a, minmay_chambers_of_fives
D:7:      layout_loops_cross, enter_ossuary_4, serial_shops, shop, the_bakery
D:8:      kennysheep_ambush_hall, layout_basic,
          nicolae_qazlal_general_emergency, overflow_temple_1_default,
          david_lair_shrubbed, serial_shops, shop
D:9:      cheibrodos_fzero, layout_basic, orc_0_dummy,
          hellmonk_ghost_happy_afterlife, serial_glass, glass_columns_a,
          glass_columns_c

Skill      XL: |  1  2  3  4  5  6  7  8  9 10 |
---------------+-------------------------------+-----
Spellcasting   | 5 6 7 |  7.6
Short Blades   | 1 2 3 4 5 |  5.6
Long Blades    | 1 2 3 4 5 |  5.6
Axes           | 1 2 3 4 5 |  5.6
Maces & Flails | 1 2 3 4 5 |  5.6
Staves         | 1 2 3 4 5 |  5.6
Slings         | 1 2 3 4 6 7 |  7.6
Bows           | 1 2 3 4 5 |  5.6
Crossbows      | 1 2 3 4 5 |  5.6
Throwing       | 1 2 3 4 5 |  5.6
Stealth        | 1 2 3 4 5 |  5.6
Shields        | 1 2 3 4 5 |  5.6
Unarmed Combat | 1 2 3 4 5 |  5.6
Invocations    | 1 2 3 4 5 6 |  6.2
Evocations     | 1 2 3 4 5 |  5.6
Armour         | 3 4 5 6 |  6.2
Conjurations   | 1 2 3 4 |  4.6
Hexes          | 1 2 3 4 |  4.6
Summonings     | 1 2 3 4 |  4.6
Necromancy     | 1 2 3 4 |  4.6
Translocations | 1 2 3 4 |  4.6
Transmutations | 1 2 3 4 |  4.6
Fire Magic     | 1 2 3 4 |  4.6
Ice Magic      | 1 2 3 4 |  4.6
Air Magic      | 1 2 3 4 |  4.6
Earth Magic    | 1 2 3 4 |  4.6
Poison Magic   | 1 2 3 4 |  4.6
Fighting       | 5 6 7 |  7.3
Polearms       | 5 6 7 |  7.3
Dodging        | 5 6 7 |  7.3
Charms         | 6 7 |  7.2

Action                   |  1- 3 |  4- 6 |  7- 9 | 10-12 || total
-------------------------+-------+-------+-------+-------++-------
Melee: Spear             |   128 |   136 |   352 |       ||   616
       Bite              |    11 |    16 |    77 |    25 ||   129
       Punch             |       |     3 |    12 |     7 ||    22
       Rapier            |       |       |   217 |   153 ||   370
Throw: Dart              |       |       |     2 |     1 ||     3
 Cast: Shroud of Golubri |     9 |     8 |    43 |    12 ||    72
       Infusion          |     1 |     3 |     3 |       ||     7
       Regeneration      |       |     4 |    19 |     6 ||    29
       Spectral Weapon   |       |     2 |    23 |     8 ||    33
       Song of Slaying   |       |       |    12 |     5 ||    17
       Mephitic Cloud    |       |       |       |     2 ||     2
  Use: Scroll            |     1 |     9 |    11 |       ||    21
       Potion            |       |       |     2 |     2 ||     4
 Stab: Sleeping          |       |     2 |     6 |       ||     8
       Distracted        |       |       |     2 |       ||     2
       Confused          |       |       |       |     2 ||     2
  Eat: Chunk             |       |     6 |    20 |     3 ||    29
Armor: Leather armour    |    25 |       |       |       ||    25
       Robe              |       |     9 |    14 |       ||    23
       Skin              |       |       |    23 |       ||    23
       Ring mail         |       |       |    61 |    27 ||    88
Dodge: Dodged            |    85 |    69 |   489 |   166 ||   809

Table legend:
 A = Non-vault XP
 B = Vault XP
 C = Vault XP percentage of total XP
 D = Non-vault monster count
 E = Vault monster count
 F = Vault count percentage of total count
                 A         B        C        D         E       F
            +---------+---------+-------+---------+---------+-------
      Total |    6229 |    2652 |  29.9 |     189 |      47 |  19.9
            +---------+---------+-------+---------+---------+-------
        D:1 |      53 |       0 |   0.0 |      29 |       0 |   0.0
        D:2 |      26 |     260 |  90.9 |      14 |       2 |  12.5
        D:3 |     158 |       0 |   0.0 |      13 |       0 |   0.0
        D:4 |     594 |       3 |   0.5 |      25 |       1 |   3.8
        D:5 |     261 |       0 |   0.0 |      17 |       0 |   0.0
        D:6 |     564 |     118 |  17.3 |      16 |       5 |  23.8
        D:7 |     830 |     231 |  21.8 |      24 |       3 |  11.1
        D:8 |    2053 |     561 |  21.5 |      22 |       8 |  26.7
        D:9 |    1690 |    1087 |  39.1 |      29 |      12 |  29.3
    Ossuary |       0 |     392 | 100.0 |       0 |      16 | 100.0
            +---------+---------+-------+---------+---------+-------
